[Event "Titled Tuesday Blitz March 14 Late 2023"]
[White "Cheng, Xiao"]
[Black "Cramling Bellon, Anna"]
[WhiteFideId "2022915"]
[BlackFideId "32009232"]
[WhiteElo "2451"]
[BlackElo "1972"]
[Result "1-0"]
[Round "02"]
[TimeControl "180+1"]
[Date "2023.03.14"]
[WhiteClock "0:00:24"]
[BlackClock "0:00:01"]

1. e4 c5 2. Nf3 e6 3. d4 cxd4 4. Nxd4 Nf6 5. Nc3 Nc6 6. Ndb5 d6 7. Bf4 e5 8. Bg5 a6 9. Bxf6 gxf6 10. Na3 b5 11. Nd5 Bg7 12. Bd3 Be6 13. c4 b4 14. Nc2 a5 15. b3 O-O 16. Nce3 a4 17. O-O axb3 18. axb3 Rxa1 19. Qxa1 Nd4 20. Qb2 f5 21. exf5 Bxd5 22. Nxd5 e4 23. f6 Bxf6 24. Qd2 exd3 25. Qxd3 Ne6 26. Nxb4 Be5 27. Nd5 Qh4 28. g3 Qh3 29. Re1 Kh8 30. b4 Qg4 31. Re4 Qf5 32. Qe2 Ng5 33. Re3 Bd4 34. Ne7 Qf6 35. Rd3 Bxf2+ 36. Kg2 Bb6 37. Nd5 Qd8 38. Qb2+ Kg8 39. Nf6+ Kg7 40. Rxd6 Qxd6 41. Ne8+ Kg6 42. Nxd6 f6 43. c5 Bc7 44. Qc2+ Kg7 45. Nf5+ Kg8 46. Qc4+ Kh8 47. b5 1-0


[Site "https://www.chess.com"]

[Event "Titled Tuesday Blitz March 14 Late 2023"]
[White "Chylewski, Patryk"]
[Black "Ozen, Bahadir"]
[WhiteFideId "1186191"]
[BlackFideId "6337058"]
[WhiteElo "2163"]
[BlackElo "2503"]
[Result "0-1"]
[Round "02"]
[TimeControl "180+1"]
[Date "2023.03.14"]
[WhiteClock "0:00:15"]
[BlackClock "0:00:08"]

1. e4 e5 2. Nf3 Nc6 3. Bb5 Nf6 4. d3 Bc5 5. Bxc6 dxc6 6. Nbd2 Nd7 7. Nc4 f6 8. Qe2 O-O 9. Bd2 Re8 10. O-O-O Nf8 11. Rdg1 Be6 12. g4 Ng6 13. g5 f5 14. Nfxe5 Nxe5 15. Nxe5 fxe4 16. dxe4 Bxa2 17. Bc3 Qe7 18. Qh5 Bxf2 19. g6 Be3+ 20. Kd1 h6 21. Rf1 Rad8+ 22. Ke1 Qd6 23. Nf7 Bd2+ 24. Kf2 Qf4+ 25. Kg2 Qxe4+ 26. Qf3 Qxf3+ 27. Rxf3 Bd5 28. Nxd8 Rxd8 29. Bxd2 Bxf3+ 30. Kxf3 Rxd2 31. Re1 Kf8 32. Rc1 Rd6 33. Rg1 Ke7 34. Ke4 c5 35. Ke5 Re6+ 36. Kd5 b6 37. h4 h5 38. Rg5 Kd7 39. c3 c6+ 40. Kc4 Kd6 41. b4 cxb4 42. cxb4 Re4+ 43. Kb3 Rxh4 44. Rf5 Rg4 45. Rxh5 Rxg6 46. Rh8 Kc7 47. Ra8 Kb7 48. Rf8 Rf6 49. Rg8 Rf7 50. Re8 Rd7 51. Re3 Kc7 52. Rg3 Kd8 53. Ka4 Ke8 54. b5 cxb5+ 55. Kxb5 Rc7 56. Ka6 Kf7 57. Rg5 g6 58. Rg4 Kf6 59. Rg1 g5 60. Rf1+ Kg6 61. Rg1 Kf5 62. Rf1+ Kg4 63. Rg1+ Kh5 64. Rf1 Kg6 65. Rg1 Rg7 66. Rg2 Kf5 67. Rf2+ Ke4 68. Rg2 Kf3 69. Rg1 g4 0-1


[Site "https://www.chess.com"]

[Event "Titled Tuesday Blitz March 14 Late 2023"]
[White "Costachi, Mihnea"]
[Black "Guzman Moneo, Alberto"]
[WhiteFideId "1217518"]
[BlackFideId "2209616"]
[WhiteElo "2456"]
[BlackElo "2157"]
[Result "1-0"]
[Round "02"]
[TimeControl "180+1"]
[Date "2023.03.14"]
[WhiteClock "0:01:43"]
[BlackClock "0:00:34"]

1. Nc3 d5 2. d4 Nf6 3. Bf4 c6 4. e3 Bf5 5. Bd3 Bg6 6. Nf3 e6 7. O-O Bd6 8. Qe2 Bxf4 9. exf4 Bxd3 10. Qxd3 O-O 11. Rfe1 Nbd7 12. Ne5 c5 13. f5 cxd4 14. Qxd4 exf5 15. Nxd5 Nxd5 16. Qxd5 Nxe5 17. Qxe5 Qd2 18. Re2 Qd7 19. Rae1 g6 20. h4 h5 21. Qf6 Rfe8 22. Re7 Rxe7 23. Qxe7 Rd8 24. Qe3 b6 25. c4 Qd2 26. Qe7 Qd7 27. Qe5 Qd4 28. Qe7 Qd7 29. Qf6 Qd4 30. Re8+ Rxe8 31. Qxd4 Re6 32. b4 Kh7 33. c5 bxc5 34. bxc5 a5 35. Qd7 Kg7 36. Qxe6 fxe6 37. c6 g5 38. c7 gxh4 39. c8=Q h3 40. Qxe6 h2+ 41. Kxh2 h4 42. Qxf5 h3 43. Kxh3 a4 44. Kg4 a3 45. Kg5 Kg8 46. Qd7 Kf8 47. Kg6 1-0


[Site "https://www.chess.com"]

[Event "Titled Tuesday Blitz March 14 Late 2023"]
[White "Crevatin, Leo"]
[Black "Arnold, Ken"]
[WhiteFideId "1726307"]
[BlackFideId "2056836"]
[WhiteElo "2190"]
[BlackElo "2347"]
[Result "1-0"]
[Round "02"]
[TimeControl "180+1"]
[Date "2023.03.14"]
[WhiteClock "0:02:31"]
[BlackClock "0:02:14"]

1. e4 c6 2. Nc3 d5 3. Nf3 dxe4 4. Nxe4 Nf6 5. Qe2 Bf5 6. Nxf6+ gxf6 7. d4 Nd7 8. g3 Qb6 9. Bg2 e6 10. O-O Be7 11. Be3 Qc7 12. c4 O-O 13. h4 h5 14. Nh2 Bg4 15. Nxg4 1-0


[Site "https://www.chess.com"]

[Event "Titled Tuesday Blitz March 14 Late 2023"]
[White "Cuenca Jimenez, Jose Fernando"]
[Black "Bas Mas, Jose Joaquin"]
[WhiteFideId "2255570"]
[BlackFideId "22219064"]
[WhiteElo "2429"]
[BlackElo "2233"]
[Result "1-0"]
[Round "02"]
[TimeControl "180+1"]
[Date "2023.03.14"]
[WhiteClock "0:00:03"]
[BlackClock "0:00:01"]

1. c4 d6 2. Nc3 f5 3. d4 g6 4. h4 h6 5. h5 g5 6. e4 Nc6 7. Nf3 Bg7 8. exf5 Bxf5 9. Bd3 Qd7 10. d5 Ne5 11. Nxe5 Bxe5 12. Be3 a6 13. Qc2 Bxd3 14. Qxd3 O-O-O 15. O-O-O Nf6 16. f3 Rhg8 17. Ne2 Kb8 18. g3 Ne8 19. Kb1 Ng7 20. g4 e6 21. Bd4 Bxd4 22. Nxd4 e5 23. Nb3 Rdf8 24. c5 Rf6 25. c6 bxc6 26. Qxa6 Qc8 27. Qxc6 Qb7 28. Qc3 Rgf8 29. Na5 Qb6 30. Nc6+ Kc8 31. Rd3 Kd7 32. a4 Rf4 33. a5 Qb5 34. Rc1 Ne8 35. Qc2 Nf6 36. Rb3 Qxd5 37. Nb8+ Ke6 38. a6 Nd7 39. Nxd7 Kxd7 40. Qxc7+ Ke6 41. Rb6 Ra4 42. Qc8+ Kf6 43. Qxf8+ Ke6 44. Qg8+ Kf6 45. Qxd5 1-0


[Site "https://www.chess.com"]

[Event "Titled Tuesday Blitz March 14 Late 2023"]
[White "Daneshvar, Bardiya"]
[Black "Garcia Pantoja, Roberto"]
[WhiteFideId "12576468"]
[BlackFideId "3509265"]
[WhiteElo "2468"]
[BlackElo "2544"]
[Result "1-0"]
[Round "02"]
[TimeControl "180+1"]
[Date "2023.03.14"]
[WhiteClock "0:01:13"]
[BlackClock "0:00:12"]

1. b3 e5 2. Bb2 Nc6 3. e3 Nf6 4. Bb5 Bd6 5. Na3 Na5 6. Be2 c6 7. d4 e4 8. c4 Bb4+ 9. Kf1 Be7 10. Nc2 b5 11. cxb5 cxb5 12. Bxb5 O-O 13. d5 Re8 14. Ne2 Rb8 15. Nc3 Bd6 16. Be2 Be5 17. Qd2 d6 18. Nd4 Bd7 19. h3 Qb6 20. Rd1 Rbc8 21. g4 h6 22. Rg1 Rc5 23. g5 Bxh3+ 24. Ke1 hxg5 25. Na4 Qc7 26. Nxc5 dxc5 27. Nb5 Qd8 28. Bxe5 Rxe5 29. d6 Nc6 30. Qc3 Qd7 31. Nc7 Rf5 32. Bb5 Ng4 33. Bxc6 Qxc6 34. d7 Nxf2 35. d8=Q+ Kh7 36. Rxg5 Nxd1 37. Qxg7# 1-0


[Site "https://www.chess.com"]

[Event "Titled Tuesday Blitz March 14 Late 2023"]
[White "Deac, Bogdan-Daniel"]
[Black "Zheng, Richard"]
[WhiteFideId "1226380"]
[BlackFideId "2624893"]
[WhiteElo "2649"]
[BlackElo "2635"]
[Result "1-0"]
[Round "02"]
[TimeControl "180+1"]
[Date "2023.03.14"]
[WhiteClock "0:01:22"]
[BlackClock "0:01:11"]

1. b3 Nf6 2. Bb2 g6 3. Nf3 Bg7 4. g3 O-O 5. Bg2 c6 6. O-O d5 7. c4 e6 8. d3 Nbd7 9. Nbd2 Qc7 10. Rc1 a5 11. Qc2 a4 12. b4 b6 13. cxd5 Nxd5 14. Bxg7 Kxg7 15. e4 Ne7 16. Qb2+ Kg8 17. Rc3 Bb7 18. d4 b5 19. Rfc1 Nb6 20. a3 Rad8 21. e5 Ned5 22. Rc5 Qe7 23. h4 f5 24. exf6 Qxf6 25. Ne4 Qf5 26. Nfg5 Nc4 27. R1xc4 bxc4 28. Bh3 c3 29. Qc2 Ne3 30. fxe3 1-0


[Site "https://www.chess.com"]

[Event "Titled Tuesday Blitz March 14 Late 2023"]
[White "Deviprasath, Sharvesh"]
[Black "Keymer, Vincent"]
[WhiteFideId "30938228"]
[BlackFideId "12940690"]
[WhiteElo "2168"]
[BlackElo "2651"]
[Result "1-0"]
[Round "02"]
[TimeControl "180+1"]
[Date "2023.03.14"]
[WhiteClock "0:00:15"]
[BlackClock "0:00:09"]

1. Nf3 c6 2. c4 d5 3. e3 Nf6 4. Nc3 e6 5. d4 Nbd7 6. Qc2 Bd6 7. Bd2 b6 8. O-O-O Bb7 9. e4 dxe4 10. Nxe4 Be7 11. Bd3 Qc7 12. Kb1 c5 13. dxc5 Nxc5 14. Nxc5 Qxc5 15. a3 Qc7 16. Rhe1 O-O-O 17. Bc3 Kb8 18. Be5 Bd6 19. Bxf6 gxf6 20. Be4 Ba6 21. Nd4 Bb7 22. Nb5 Qe7 23. Bxb7 Kxb7 24. Qe4+ Ka6 25. Qc6 Bb8 26. Nd4 Qd7 27. Qb5+ Qxb5 28. cxb5+ Kb7 29. Nc6 Rxd1+ 30. Rxd1 Kc7 31. Rc1 Kd7 32. Rd1+ Kc8 33. Ne7+ Kc7 34. Nc6 Re8 35. Rc1 Kb7 36. Rd1 Kc8 37. Rc1 Bc7 38. Nxa7+ Kb7 39. Nc6 e5 40. f3 f5 41. Re1 e4 42. fxe4 fxe4 43. Kc2 f5 44. Nd4 Rf8 45. g3 h5 46. Rf1 f4 47. gxf4 Rxf4 48. Rxf4 Bxf4 49. h3 Be5 50. Ne2 Kc7 51. Nc3 Kd6 52. Nxe4+ Kd5 53. Nc3+ Kc4 54. a4 Kb4 55. Kd3 Bg7 56. Ke4 Bxc3 57. bxc3+ Kxc3 58. a5 bxa5 59. b6 a4 60. b7 a3 61. b8=Q a2 62. Qc7+ Kb2 63. Qe5+ Kb3 64. Qd5+ Kb2 65. Qxh5 Kb1 66. Qe5 a1=Q 67. Qxa1+ Kxa1 68. h4 1-0


[Site "https://www.chess.com"]

[Event "Titled Tuesday Blitz March 14 Late 2023"]
[White "Diaz Perez, Michel Alejandro"]
[Black "Svane, Rasmus"]
[WhiteFideId "3517179"]
[BlackFideId "4657101"]
[WhiteElo "2333"]
[BlackElo "2597"]
[Result "1/2-1/2"]
[Round "02"]
[TimeControl "180+1"]
[Date "2023.03.14"]
[WhiteClock "0:00:51"]
[BlackClock "0:00:08"]

1. d4 Nf6 2. c4 e6 3. Nf3 d5 4. Nc3 a6 5. cxd5 exd5 6. Bg5 Be6 7. e3 Nbd7 8. Bd3 Bd6 9. Qc2 c6 10. Rb1 Qc7 11. h3 h6 12. Bxf6 Nxf6 13. b4 O-O 14. O-O Rfe8 15. a4 Qe7 16. b5 cxb5 17. axb5 a5 18. Rfc1 Ba3 19. Rd1 Bb4 20. Qb3 Ne4 21. Nxd5 Bxd5 22. Qxd5 Nc3 23. Qf5 g6 24. Qf4 Kg7 25. h4 Bd6 26. Qg4 h5 27. Qh3 a4 28. e4 Nxb1 29. Rxb1 a3 30. Ra1 Bb4 31. Ra2 Qc7 32. g4 Qc3 33. Bf1 Rxe4 34. gxh5 gxh5 35. Qf5 Rg4+ 36. Kh1 Re8 37. Ng5 Rxh4+ 38. Kg1 Rg4+ 39. Kh1 Rh4+ 40. Kg1 Rg4+ 41. Kh1 Rh4+ 1/2-1/2


[Site "https://www.chess.com"]

[Event "Titled Tuesday Blitz March 14 Late 2023"]
[White "Dimitrov, Atanas"]
[Black "Naroditsky, Daniel"]
[WhiteFideId "2901315"]
[BlackFideId "2026961"]
[WhiteElo "2690"]
[BlackElo "2633"]
[Result "0-1"]
[Round "02"]
[TimeControl "180+1"]
[Date "2023.03.14"]
[WhiteClock "0:00:15"]
[BlackClock "0:00:39"]

1. e4 c5 2. Nf3 d6 3. d4 cxd4 4. Nxd4 Nf6 5. Nc3 a6 6. g3 e5 7. Nde2 Be7 8. Bg2 O-O 9. h3 b5 10. Be3 Bb7 11. O-O Nbd7 12. g4 b4 13. Nd5 Nxd5 14. exd5 Bg5 15. Qd2 Bxe3 16. Qxe3 a5 17. Ng3 Rc8 18. Rac1 Qb6 19. Qd2 Rfe8 20. Rfe1 Rc4 21. c3 bxc3 22. Rxc3 Rd4 23. Rd3 Rxd3 24. Qxd3 Qxb2 25. Rb1 Ba6 26. Qf5 Qxa2 27. Rc1 Nc5 28. h4 Bd3 29. Qg5 h6 30. Qe3 Bh7 31. g5 hxg5 32. Qxg5 f6 33. Qg4 Qd2 34. Ra1 f5 35. Qh3 Rf8 36. Nf1 Qb4 37. h5 a4 38. h6 Qg4 39. hxg7 Kxg7 40. Qc3 f4 41. Nh2 Qh5 42. Qa5 Rf7 43. Qb6 Qg6 44. Kh1 Qh6 45. Bf3 Kh8 46. Qd8+ Qf8 47. Qh4 Qe7 48. Bh5 Qxh4 0-1


[Site "https://www.chess.com"]

[Event "Titled Tuesday Blitz March 14 Late 2023"]
[White "Duda, Jan-Krzysztof"]
[Black "Piesik, Piotr"]
[WhiteFideId "1170546"]
[BlackFideId "1136194"]
[WhiteElo "2790"]
[BlackElo "2311"]
[Result "1-0"]
[Round "02"]
[TimeControl "180+1"]
[Date "2023.03.14"]
[WhiteClock "0:00:10"]
[BlackClock "0:00:08"]

1. e4 e6 2. d4 d5 3. exd5 exd5 4. Nf3 Nf6 5. Bd3 Bd6 6. O-O O-O 7. Bg5 Bg4 8. Nbd2 Nbd7 9. c3 c6 10. Qc2 Qc7 11. Bh4 Rfe8 12. Bg3 Re7 13. Nh4 g6 14. Bxd6 Qxd6 15. h3 Be2 16. Rfe1 Bxd3 17. Qxd3 Rae8 18. Nhf3 Nh5 19. Qf1 Ng7 20. a4 a5 21. Nb3 b6 22. Rxe7 Rxe7 23. Qa6 Qc7 24. Rc1 Nb8 25. Qd3 Ne6 26. g3 Qb7 27. h4 Qa6 28. Qd2 Qc4 29. Na1 Qxa4 30. h5 Nd7 31. Nc2 Qb5 32. Ne3 Nef8 33. Nf5 Re2 34. Nh6+ Kg7 35. Qf4 Nf6 36. Nf5+ Kg8 37. Nd6 Qxb2 38. Qxf6 Qxc1+ 39. Kg2 Ne6 40. Qxf7+ Kh8 41. hxg6 hxg6 42. Qxg6 Nf4+ 43. gxf4 1-0


[Site "https://www.chess.com"]

[Event "Titled Tuesday Blitz March 14 Late 2023"]
[White "Dylag, Emilia"]
[Black "Womacka, Mathias"]
[WhiteFideId "21805172"]
[BlackFideId "4611390"]
[WhiteElo "1878"]
[BlackElo "2377"]
[Result "0-1"]
[Round "02"]
[TimeControl "180+1"]
[Date "2023.03.14"]
[WhiteClock "0:00:10"]
[BlackClock "0:00:38"]

1. d4 Nf6 2. c4 e6 3. g3 c5 4. d5 exd5 5. cxd5 d6 6. Bg2 g6 7. Nf3 Bg7 8. O-O O-O 9. Nc3 Nbd7 10. Re1 a6 11. a4 Rb8 12. e4 Ng4 13. Bg5 Qc7 14. h3 Nge5 15. Nd2 Nd3 16. Qc2 Nxe1 17. Rxe1 b5 18. axb5 axb5 19. Be3 c4 20. f4 Nc5 21. e5 dxe5 22. Nf3 Nd3 23. Ra1 exf4 24. Ra7 Rb7 25. Nxb5 Qd7 26. Rxb7 Bxb7 27. Qxc4 Nxb2 28. Qxf4 Qxb5 29. d6 Nd3 30. Qg4 h5 31. Qh4 Bxf3 32. Bxf3 Qe5 0-1


[Site "https://www.chess.com"]

[Event "Titled Tuesday Blitz March 14 Late 2023"]
[White "Erigaisi Arjun"]
[Black "Papasimakopoulos, Alexandros"]
[WhiteFideId "35009192"]
[BlackFideId "4244125"]
[WhiteElo "2737"]
[BlackElo "2359"]
[Result "1-0"]
[Round "02"]
[TimeControl "180+1"]
[Date "2023.03.14"]
[WhiteClock "0:00:40"]
[BlackClock "0:00:01"]

1. b3 d5 2. Bb2 Bf5 3. d3 e6 4. Nd2 Nf6 5. g3 c6 6. Bg2 h6 7. e4 Bh7 8. Nh3 Be7 9. O-O O-O 10. Nf4 a5 11. a3 Qc7 12. Re1 e5 13. Nh5 d4 14. Nxf6+ Bxf6 15. a4 Nd7 16. Ba3 Rfe8 17. Bh3 Be7 18. Bxe7 Rxe7 19. Bxd7 Qxd7 20. Kg2 f6 21. f4 exf4 22. gxf4 b5 23. Qf3 Ree8 24. h4 Bg6 25. Kh2 Qf7 26. Qf2 Bh5 27. Qxd4 Bg4 28. Qf2 Qe7 29. Nf1 Qc7 30. Ne3 Be6 31. Qg3 Qe7 32. Rg1 Kh8 33. f5 Bg8 34. Qf4 Qe5 35. Qxe5 Rxe5 36. Ng2 Bf7 37. Nf4 Rc5 38. Rg2 Re5 39. Rag1 Rg8 40. Ra1 Ra8 41. Kg3 Rc5 42. Kf3 Re5 43. Ke3 Re7 44. Kd4 Re5 45. Kc3 Rc5+ 46. Kb2 Re5 47. h5 Re7 48. axb5 cxb5 49. Rgg1 a4 50. bxa4 bxa4 51. c4 Rb7+ 52. Kc2 a3 53. Rgb1 Rba7 54. Ra2 Kg8 55. Kc3 Ra6 56. d4 Ra4 57. d5 Rc8 58. Rb4 Ra7 59. Kb3 Rca8 60. c5 Ra6 61. Ne6 Ra5 62. c6 Bxe6 63. fxe6 Kf8 64. c7 Ke7 65. Rb8 Rxb8+ 66. cxb8=Q Ra7 1-0


[Site "https://www.chess.com"]

[Event "Titled Tuesday Blitz March 14 Late 2023"]
[White "Ezat, Mohamed"]
[Black "Bach, Matthias"]
[WhiteFideId "10600906"]
[BlackFideId "4603168"]
[WhiteElo "2386"]
[BlackElo "2165"]
[Result "1-0"]
[Round "02"]
[TimeControl "180+1"]
[Date "2023.03.14"]
[WhiteClock "0:01:02"]
[BlackClock "0:01:41"]

1. d4 Nf6 2. c4 c5 3. d5 e6 4. Nc3 exd5 5. cxd5 d6 6. e4 g6 7. f4 Bg7 8. Bb5+ Bd7 9. e5 Qe7 10. Nf3 Ng4 11. O-O O-O 12. h3 Nh6 13. Bc4 Nf5 14. Ne4 dxe5 15. d6 Qe8 16. fxe5 Nc6 17. Nf6+ Bxf6 18. exf6 Qe4 19. Bd5 Qb4 20. a3 Qb6 21. g4 Nfd4 22. Qd2 Nd8 23. Qh6 N4e6 24. Ng5 1-0


[Site "https://www.chess.com"]

[Event "Titled Tuesday Blitz March 14 Late 2023"]
[White "Fajdetic, Hrvoje"]
[Black "Papayan, Oleg"]
[WhiteFideId "14501945"]
[BlackFideId "4193911"]
[WhiteElo "2185"]
[BlackElo "2153"]
[Result "0-1"]
[Round "02"]
[TimeControl "180+1"]
[Date "2023.03.14"]
[WhiteClock "0:00:01"]
[BlackClock "0:00:06"]

1. d4 Nf6 2. Bf4 d5 3. e3 c5 4. Nc3 a6 5. dxc5 Nc6 6. Nf3 e6 7. Na4 Ne4 8. Nb6 Ra7 9. Be2 Bxc5 10. Nxc8 Qxc8 11. O-O O-O 12. c3 b5 13. Ne5 Rd8 14. Bf3 Nd6 15. Nxc6 Qxc6 16. a4 b4 17. cxb4 Bxb4 18. Qe2 Rc8 19. h3 a5 20. Bxd6 Bxd6 21. e4 dxe4 22. Bxe4 Qc5 23. Rfd1 Be5 24. Rd2 Rb8 25. Rad1 g6 26. h4 h5 27. Rc2 Qb4 28. Bxg6 Bxb2 29. Bxf7+ Kxf7 30. Qxh5+ Kg8 31. Rdd2 Bg7 32. Rd3 Qb1+ 0-1


[Site "https://www.chess.com"]

[Event "Titled Tuesday Blitz March 14 Late 2023"]
[White "Fedoseev, Vladimir"]
[Black "Ozates, Tuna"]
[WhiteFideId "24130737"]
[BlackFideId "6354521"]
[WhiteElo "2752"]
[BlackElo "2151"]
[Result "1-0"]
[Round "02"]
[TimeControl "180+1"]
[Date "2023.03.14"]
[WhiteClock "0:00:07"]
[BlackClock "0:00:01"]

1. e4 c5 2. Nc3 Nc6 3. g3 g6 4. Bg2 Bg7 5. Nge2 d6 6. O-O e6 7. d3 Nge7 8. Be3 O-O 9. d4 b6 10. e5 cxd4 11. Nxd4 d5 12. f4 Ba6 13. Nxc6 Nxc6 14. Rf2 Rc8 15. Ne2 Re8 16. Nd4 Bf8 17. c3 b5 18. Nxc6 Rxc6 19. Bxa7 b4 20. cxb4 Qc7 21. Bd4 Bxb4 22. a3 Bc5 23. b4 Bxd4 24. Qxd4 Rc4 25. Qb2 Rc8 26. Bf1 Rc6 27. b5 Rb6 28. a4 Qc5 29. Qa3 Qd4 30. Ra2 Rc3 31. Qe7 Bb7 32. a5 Rxb5 33. Bxb5 Rc1+ 34. Kg2 Qe4+ 35. Rf3 d4 36. Qd8+ Kg7 37. Qf6+ Kg8 38. Qd8+ Kg7 39. Be2 d3 40. Qxd3 Qb4 41. Qd2 Qb1 42. Rb2 Rg1+ 43. Kf2 Qe4 44. Kxg1 Qc6 45. Kf2 1-0


[Site "https://www.chess.com"]

[Event "Titled Tuesday Blitz March 14 Late 2023"]
[White "Fernandez Garcia, Gumersindo"]
[Black "Jimenez, Joaquin"]
[WhiteFideId "24516740"]
[BlackFideId "109860"]
[WhiteElo "2093"]
[BlackElo "2163"]
[Result "1-0"]
[Round "02"]
[TimeControl "180+1"]
[Date "2023.03.14"]
[WhiteClock "0:01:08"]
[BlackClock "0:00:42"]

1. e4 e6 2. d4 d5 3. Bd3 Nc6 4. exd5 Qxd5 5. Nf3 Nf6 6. O-O Bd7 7. c4 Qh5 8. Nc3 O-O-O 9. a3 Kb8 10. b4 Bc8 11. Be3 e5 12. d5 Bg4 13. dxc6 e4 14. Qa4 b6 15. Bxe4 Nxe4 16. Nxe4 Bxf3 17. gxf3 Qxf3 18. Qa6 Qg4+ 19. Ng3 Qc8 20. Qxc8+ Kxc8 21. Rad1 Be7 22. Nf5 Bf6 23. Rd5 Rde8 24. Rfd1 Re6 25. b5 a5 26. Rd7 Rf8 27. Bf4 Bd8 28. Kf1 Rf6 29. Rxd8+ Rxd8 30. Ne7+ Kb8 31. Rxd8+ Ka7 32. Bxc7 1-0


[Site "https://www.chess.com"]

[Event "Titled Tuesday Blitz March 14 Late 2023"]
[White "Fernandez, Maria Florencia"]
[Black "Ibarra Jerez, Jose Carlos"]
[WhiteFideId "116459"]
[BlackFideId "2226332"]
[WhiteElo "2155"]
[BlackElo "2638"]
[Result "0-1"]
[Round "02"]
[TimeControl "180+1"]
[Date "2023.03.14"]
[WhiteClock "0:00:01"]
[BlackClock "0:00:50"]

1. d4 Nf6 2. c4 d6 3. Nf3 g6 4. Nc3 Bf5 5. Nh4 Bd7 6. e4 e5 7. Nf3 exd4 8. Nxd4 Bg7 9. f3 O-O 10. Be3 Nc6 11. Be2 Nh5 12. O-O Re8 13. Qd2 f5 14. Nxc6 Bxc6 15. exf5 Qh4 16. Bf2 Qf4 17. Qxf4 Nxf4 18. Bd1 Nd3 19. fxg6 hxg6 20. Bb3 Nxb2 21. Rac1 Nd3 22. Rc2 Nb4 23. Rcc1 Nd3 24. Rc2 Nxf2 25. Kxf2 Bd4+ 26. Kg3 Kg7 27. Nd5 Rac8 28. Rd1 Bc5 29. Rdd2 a5 30. Re2 a4 31. Rxe8 Rxe8 32. Nxc7 Re3 33. Bxa4 Bxa4 34. Rb2 Bc6 35. Nd5 Bxd5 36. cxd5 b6 37. Kf4 Kf6 38. g4 g5+ 39. Kg3 Bd4 40. Rd2 Be5+ 41. Kg2 Ra3 42. h3 Bf4 43. Re2 Rd3 44. Re6+ Kf7 45. Re4 Rxd5 46. a4 Rd2+ 47. Kf1 d5 48. Rb4 Be3 49. Rb5 Ke6 50. a5 bxa5 51. Rxa5 Ke5 52. Ra8 Kf4 53. Rf8+ Kg3 54. Ke1 d4 55. Rf5 Rh2 56. Rf6 d3 0-1


[Site "https://www.chess.com"]

[Event "Titled Tuesday Blitz March 14 Late 2023"]
[White "Fishbein, Alexander"]
[Black "Van Foreest, Jorden"]
[WhiteFideId "2000377"]
[BlackFideId "1039784"]
[WhiteElo "2415"]
[BlackElo "2633"]
[Result "0-1"]
[Round "02"]
[TimeControl "180+1"]
[Date "2023.03.14"]
[WhiteClock "0:00:07"]
[BlackClock "0:00:48"]

1. e4 c6 2. d4 d5 3. Nc3 dxe4 4. Nxe4 Nf6 5. Qd3 Nxe4 6. Qxe4 Nd7 7. Nf3 Nf6 8. Qd3 g6 9. Be2 Bg7 10. O-O O-O 11. Qb3 a5 12. a4 Qc7 13. c3 Be6 14. Bc4 Bxc4 15. Qxc4 Nd5 16. Re1 Rfe8 17. Bd2 Rad8 18. Re2 h6 19. Rae1 e6 20. g3 Nb6 21. Qb3 Nd7 22. h4 b6 23. h5 g5 24. Qc2 Qd6 25. Kg2 Nf6 26. Ne5 c5 27. dxc5 Qxc5 28. g4 Rd5 29. f3 Red8 30. Bc1 Qc7 31. c4 Rxe5 32. Rxe5 Nxh5 33. R5e3 Nf4+ 34. Kh1 Ng6 35. Rd1 Rxd1+ 36. Qxd1 Qxc4 37. b3 Qc7 38. Bd2 Qg3 39. Qf1 Qh4+ 40. Kg1 Bd4 0-1


[Site "https://www.chess.com"]

[Event "Titled Tuesday Blitz March 14 Late 2023"]
[White "Foerster-Yialamas, Lucas"]
[Black "Schmakel, Sam"]
[WhiteFideId "30901774"]
[BlackFideId "2039311"]
[WhiteElo "2067"]
[BlackElo "2356"]
[Result "1-0"]
[Round "02"]
[TimeControl "180+1"]
[Date "2023.03.14"]
[WhiteClock "0:01:18"]
[BlackClock "0:00:06"]

1. e4 c5 2. Nf3 d6 3. d4 cxd4 4. Nxd4 Nf6 5. Nc3 e6 6. Bg5 Be7 7. f4 O-O 8. Qf3 Nc6 9. O-O-O Nxd4 10. Rxd4 Qa5 11. Kb1 Rd8 12. h4 h6 13. Bc4 Bd7 14. Bb3 Bc6 15. f5 e5 16. Rdd1 Rac8 17. g4 b5 18. Bxf6 Bxf6 19. Rdg1 d5 20. exd5 b4 21. dxc6 bxc3 22. g5 Be7 23. g6 Kf8 24. gxf7 Bf6 25. Rg6 cxb2 26. Rhg1 Qd2 27. Rxf6 gxf6 28. Rg8+ Ke7 29. f8=Q+ Rxf8 30. Rg7+ Ke8 31. Qh5+ 1-0


[Site "https://www.chess.com"]

[Event "Titled Tuesday Blitz March 14 Late 2023"]
[White "Fus, Jakub"]
[Black "Bochnicka, Vladimir"]
[WhiteFideId "1193023"]
[BlackFideId "14943450"]
[WhiteElo "2335"]
[BlackElo "2094"]
[Result "1-0"]
[Round "02"]
[TimeControl "180+1"]
[Date "2023.03.14"]
[WhiteClock "0:00:10"]
[BlackClock "0:00:04"]

1. e4 c5 2. Nf3 Nc6 3. Bb5 e6 4. O-O Nge7 5. Re1 a6 6. Bf1 d5 7. exd5 Nxd5 8. d4 Nf6 9. Be3 cxd4 10. Nxd4 Bd7 11. c4 Be7 12. Nc3 O-O 13. a3 Rc8 14. Nxc6 Bxc6 15. Qc2 Qc7 16. Rad1 Ng4 17. g3 Nxe3 18. Rxe3 Rfd8 19. Ree1 Bf6 20. b4 Bf3 21. Rd3 Qc6 22. Ne4 Bxe4 23. Rxe4 Rxd3 24. Bxd3 Rd8 25. Re1 g6 26. Be4 Qd7 27. c5 Bd4 28. Bf3 e5 29. Rc1 Kh8 30. c6 bxc6 31. Qxc6 Qxc6 32. Rxc6 Ra8 33. Rc7 Rb8 34. Rxf7 a5 35. bxa5 Rb1+ 36. Kg2 Rb2 37. Bc6 Ra2 38. a4 Rc2 39. Bb7 Ra2 40. Bc6 Rc2 41. Bb7 Ra2 42. a6 Rxa4 43. Kf3 Ra2 44. Ke4 Ra4 45. Kd5 Ra5+ 46. Kc6 Ra2 47. f3 Rxh2 48. g4 Rc2+ 49. Kd7 Ra2 50. Kc8 Kg8 51. Rd7 Kh8 52. Kb8 Ra3 53. Bc8 h6 54. a7 Rb3+ 55. Bb7 Bxa7+ 56. Kxa7 h5 57. gxh5 g5 58. Be4 Rb4 59. h6 g4 60. Bg6 gxf3 61. Rd8# 1-0


[Site "https://www.chess.com"]

[Event "Titled Tuesday Blitz March 14 Late 2023"]
[White "Gallegos Diaz, Carlos Alberto"]
[Black "Bilych, Olexiy"]
[WhiteFideId "3900886"]
[BlackFideId "14156504"]
[WhiteElo "2362"]
[BlackElo "2320"]
[Result "0-1"]
[Round "02"]
[TimeControl "180+1"]
[Date "2023.03.14"]
[WhiteClock "0:00:12"]
[BlackClock "0:00:27"]

1. e4 c5 2. Nf3 e6 3. d3 Nc6 4. Nbd2 g6 5. Be2 Bg7 6. O-O Nge7 7. c3 O-O 8. Re1 b6 9. Bf1 d6 10. Nb3 d5 11. exd5 Nxd5 12. d4 cxd4 13. Nbxd4 Nxd4 14. Nxd4 Bb7 15. g3 Qc7 16. Bg2 Rad8 17. Bg5 Rd7 18. Qa4 a6 19. Rad1 b5 20. Qb3 h6 21. Bc1 Qc4 22. Qxc4 bxc4 23. Nc2 Rc7 24. Ne3 Nxe3 25. Bxe3 Bxg2 26. Kxg2 Rb7 27. Re2 Rfb8 28. Rdd2 g5 29. g4 a5 30. a4 Bf6 31. Bc5 Kg7 32. Re4 Rxb2 33. Rxb2 Rxb2 34. Rxc4 Rc2 35. Bb6 Rxc3 36. Rxc3 Bxc3 37. Kf3 f5 38. h3 Kf6 39. Bc7 Kg6 40. Ke3 h5 41. f3 hxg4 42. hxg4 Kf6 43. Kd3 Be1 44. Kd4 Bd2 45. Be5+ Ke7 46. Kc5 Kd7 47. Kb5 Ke7 48. Kc5 Bb4+ 49. Kb5 Be1 50. Kc5 Bd2 51. Kc6 Bb4 52. Kb5 Bd6 53. Bc3 Bc7 54. Kc6 Bd8 55. Be5 Kf7 56. Kd7 Bf6 57. Bc7 Bc3 58. Bd8 Bd2 59. Be7 fxg4 60. fxg4 e5 61. Bc5 e4 62. Kd6 e3 0-1


[Site "https://www.chess.com"]

[Event "Titled Tuesday Blitz March 14 Late 2023"]
[White "Gatterer, Florian"]
[Black "Bortnyk, Olexandr"]
[WhiteFideId "811688"]
[BlackFideId "14120828"]
[WhiteElo "2221"]
[BlackElo "2734"]
[Result "0-1"]
[Round "02"]
[TimeControl "180+1"]
[Date "2023.03.14"]
[WhiteClock "0:00:07"]
[BlackClock "0:01:35"]

1. Nf3 Nf6 2. g3 g6 3. b3 Bg7 4. Bb2 O-O 5. Bg2 d6 6. d4 a5 7. c4 a4 8. Nc3 a3 9. Bc1 c5 10. e3 cxd4 11. Nxd4 Bg4 12. Qc2 Qb6 13. h3 Bd7 14. O-O Nc6 15. Nxc6 Bxc6 16. Bxc6 Qxc6 17. Rb1 d5 18. Nb5 dxc4 19. bxc4 Rfc8 20. Nxa3 Ne4 21. h4 g5 22. h5 g4 23. Qd3 Rd8 24. Qe2 Ng5 25. e4 Nf3+ 26. Kg2 Rd4 27. Nb5 Rxe4 28. Be3 Rxe3 29. Qxe3 Nh4+ 30. Kh2 Qg2# 0-1


[Site "https://www.chess.com"]